 Dungeon Crawl Stone Soup version 0.28.0-49-g6dfe1f597d (webtiles) character file.

Game seed: 6809080368342515236

54 Zeld the Skirmisher (level 3, -3/33 HPs)
             Began as a Ghoul Monk on May 15, 2022.
             Slain by Natasha (7 damage)
             ... on level 3 of the Dungeon.
             The game lasted 00:01:17 (1909 turns).

Zeld the Skirmisher (Ghoul Monk)                    Turns: 1909, Time: 00:01:19

Health: -3/33      AC:  2    Str: 16    XL:     3   Next: 91%
Magic:  2/2        EV: 12    Int:  5    God:
Gold:   110        SH:  0    Dex: 11    Spells: 2/2 levels left

rFire   . . .      SeeInvis .     - Unarmed
rCold   + . .      Faith    .   (no shield)
rNeg    + + +      Spirit   .   a - +0 robe
rPois   ∞          Reflect  .   (no helmet)
rElec   .          Harm     .   (no cloak)
rCorr   .          Rampage  .   (no gloves)
Will    .....                   (no boots)
Stlth   ++........              (no amulet)
HPRegen 0.00/turn               (no ring)
MPRegen 0.08/turn               (no ring)

@: inhibited regen
A: claws 1, cold resistance 1, negative energy resistance 3, inhibited
regeneration, torment resistance 2
a: no special abilities


You were on level 3 of the Dungeon.
You visited 1 branch of the dungeon, and saw 3 of its levels.

You collected 110 gold pieces.

Inventory:

Armour
 a - a +0 robe (worn)
Scrolls
 b - a scroll of enchant weapon {unknown}
 c - a scroll of teleportation {unknown}
 d - a scroll of identify {unknown}
Potions
 e - a potion of ambrosia {unknown}
 f - a potion of invisibility {unknown}
 g - a potion of cancellation {unknown}
 h - a potion of haste {unknown}


   Skills:
 * Level 3.9 Fighting
 * Level 1.3 Armour
 + Level 2.9 Dodging
 + Level 2.7 Stealth
 * Level 3.7 Unarmed Combat


You had 2 spell levels left.
You didn't know any spells.
Your spell library contained the following spells:

 Spells                   Type           Power      Damage    Failure   Level
 Stone Arrow              Conj/Erth      0%         3d7       85%         3
 Animate Armour           Summ/Erth      0%         N/A       99%         4
 Lehudib's Crystal Spear  Conj/Erth      0%         10d2      100%        8


Dungeon Overview and Level Annotations

Branches:
Dungeon (3/15)

Altars:

Annotations:
D:3 Natasha


Innate Abilities, Weirdness & Mutations

You thrive by killing the living.
You are immune to poison.
You have sharp fingernails.
Your flesh is cold resistant. (rC+)
You are immune to negative energy. (rN+++)
You do not regenerate when monsters are visible.
You are immune to unholy pain and torment.


Message History

h - a black potion No target in view!
There is a stone staircase leading up here.
Key pressed, stopping explore.
No target in view!
Key pressed, stopping explore.
No target in view!
Natasha, Servant of Life and Death comes into view.
Natasha is nearby!
Natasha is nearby!
Natasha claws you but does no damage.
You see here a scroll labelled QIEWKI UGROHEP.
You closely miss Natasha. Natasha closely misses you.
You completely miss Natasha. Natasha claws you.
You closely miss Natasha.
Natasha mumbles some strange words.
You closely miss Natasha.
Natasha stares at you and mumbles some strange words.
The magic dart hits you!
You closely miss Natasha. Natasha closely misses you.
You closely miss Natasha. The crimson imp closely misses you.
Natasha claws you.
You scratch Natasha.
Natasha is moderately wounded.
The crimson imp hits you. Natasha claws you.
* * * LOW HITPOINT WARNING * * *
You are too injured to fight recklessly!
Unknown command.
You scratch Natasha.
Natasha is severely wounded.
The crimson imp hits you.
* * * LOW HITPOINT WARNING * * *
Natasha mumbles some strange words.
Unknown command.
You scratch Natasha.
Natasha is almost dead.
The crimson imp hits you.
* * * LOW HITPOINT WARNING * * *
Natasha claws you!
You die...

..####.#.##........##
.......<.#.........#
.........##.##)....#
.........######.#..#######
.......... ...#........#
##.......## #####........#
#.......# #........#
#####.###########.......#
#...h@............##.
#####5......#.....#
#.5.....##.......
#.......# .......
#.......# .......
#.......# ....#..
#.......# ....##.
#.......# ###


You could see Natasha and 2 crimson imps.

Vanquished Creatures
  An adder (D:2)
  A worm (D:2)
  A dart slug (D:1)
  A bat (D:2)
  2 endoplasms
  A giant cockroach (D:1)
  3 goblins
  2 hobgoblins
  8 jackals (D:1)
  4 ball pythons
  8 frilled lizards
  4 kobolds
  6 rats
  A spectral hobgoblin (D:2)
43 creatures vanquished.

Notes
Turn   | Place    | Note
-------+----------+-------------------------------------------
     0 | D:1      | Zeld the Ghoul Monk began the quest for the Orb.
     0 | D:1      | Reached XP level 1. HP: 19/19 MP: 0/0
   159 | D:1      | Reached XP level 2. HP: 19/26 MP: 1/1
   534 | D:1      | Reached skill level 1 in Armour
   614 | D:1      | Reached XP level 3. HP: 33/33 MP: 2/2
  1184 | D:2      | Found a faded altar of an unknown god.
  1894 | D:3      | Noticed Natasha
  1909 | D:3      | Slain by Natasha

Illustrated notes

Levels and vault maps discovered:
D:1:      sevenhm_arrival_forest_fort_large_1, layout_loops_ring,
          minmay_hexomino_u4
D:2:      layout_loops_ring, dreamdust_ecumenical_altar_drowned_temple
D:3:      layout_basic, old_standard_altar, serial_shops,
          nicolae_shop_temple_entry_statues_fountains,
          nicolae_shop_bloodbath_and_beyond, nicolae_shop_hallway_plus,
          chequers_serial_rivers_micro_b, uniq_robin, uniq_natasha

Skill      XL: |  1  2 |
---------------+-------+-----
Armour         | 1 |  1.3
Fighting       | |  3.9
Dodging        | |  2.9
Stealth        | |  2.7
Unarmed Combat | |  3.7

Action                   || total
-------------------------++-------
Melee: Unarmed           ||   124
 Stab: Sleeping          ||     5
Armor: Robe              ||    16
Dodge: Dodged            ||    60
